 Dungeon Crawl Stone Soup version 0.28-a0-563-gf77a47075d (webtiles) character file.

Game seed: 11594161549118908808

1801 siradein the Covert (level 8, -3/42 HPs)
             Began as a Spriggan Brigand on Sept 30, 2021.
             Slain by Dowan (4 damage)
             ... on level 4 of the Dungeon.
             The game lasted 00:22:09 (10647 turns).

siradein the Covert (Spriggan Brigand)             Turns: 10647, Time: 00:22:09

Health: -3/42      AC:  3    Str:  7    XL:     8   Next: 83%
Magic:  9/9        EV: 20    Int: 13    God:
Gold:   192        SH:  7    Dex: 18    Spells: 7/7 levels left

rFire   . . .      SeeInvis +   p - +1 short sword (drain)
rCold   . . .      Faith    .   o - +0 buckler
rNeg    + . .      Spirit   .   b - +0 robe
rPois   .          Reflect  .   (helmet restricted)
rElec   .          Harm     .   c - +0 cloak
rCorr   .          Rampage  .   (gloves unavailable)
Will    +....                   (boots unavailable)
Stlth   ++++......              (no amulet)
HPRegen 0.14/turn               a - ring of positive energy
MPRegen 0.11/turn               (no ring)

@: very quick
A: very small, no large weapons, unfitting armour, see invisible, speed 3
a: no special abilities


You were on level 4 of the Dungeon.
You visited 1 branch of the dungeon, and saw 5 of its levels.

You collected 192 gold pieces.

Inventory:

Hand Weapons
 p - a +1 short sword of draining (weapon)
 r - a +2 dagger of holy wrath
 s - a +0 dagger of flaming
Missiles
 d - 8 poisoned darts
 e - 2 curare-tipped darts
 g - 196 stones (quivered)
Armour
 b - a +0 robe (worn)
 c - a +0 cloak (worn)
 o - a +0 buckler (worn)
Jewellery
 a - a ring of positive energy (left hand)
Scrolls
 h - a scroll of noise {unknown}
 l - a scroll of fog {unknown}
 m - 2 scrolls of fear {unknown}
 n - a scroll of enchant armour {unknown}
 q - a scroll of enchant weapon {unknown}
 w - a scroll of magic mapping {unknown}
Potions
 f - 2 potions of curing
 i - 2 potions of haste
 j - a potion of brilliance {unknown}
 k - a potion of berserk rage {unknown}
 t - a potion of flight
 u - a potion of lignification {unknown}
 v - 2 potions of heal wounds


   Skills:
 + Level 4.1 Fighting
 + Level 5.6 Short Blades
 + Level 5.1 Throwing
 + Level 6.3 Dodging
 + Level 9.3 Stealth
 + Level 2.9 Shields


You had 7 spell levels left.
You didn't know any spells.
Your spell library contained the following spells:

 Spells                   Type           Power      Damage    Failure   Level
 Passwall                 Tmut/Erth      0%         N/A       52%         2
 Call Canine Familiar     Summ           0%         N/A       77%         3
 Portal Projectile        Hex/Tloc       0%         N/A       77%         3
 Swiftness                Air            0%         N/A       77%         3
 Leda's Liquefaction      Hex/Erth       0%         N/A       99%         4
 Invisibility             Hex            0%         N/A       100%        6


Dungeon Overview and Level Annotations

Branches:
Dungeon (5/15)
 Temple: D:4-7

Altars:
Hepliaklqana

Shops:
D:4 =

Annotations:
D:4 Dowan


Innate Abilities, Weirdness & Mutations

You are very small and have problems with some larger weapons.
You are too small for most types of armour.
You have supernaturally acute eyesight. (SInv)
You cover ground extremely quickly. (Speed+++)


Message History

Duvessa hits you with a +0 short sword.
* * * LOW HITPOINT WARNING * * *
You block Dowan's attack. Duvessa misses you. Dowan casts a spell at you.
The puff of flame misses you.
The puff of flame hits Duvessa but does no damage.
You hit Duvessa.
Duvessa is heavily wounded.
Duvessa closely misses you. Dowan casts a spell at you.
The puff of flame hits you.
* * * LOW HITPOINT WARNING * * *
You hit Duvessa but do no damage.
Duvessa is heavily wounded.
Duvessa closely misses you. Dowan hits you with a +0 dagger.
* * * LOW HITPOINT WARNING * * *
You hit Duvessa.
Duvessa is severely wounded.
Duvessa hits you with a +0 short sword.
* * * LOW HITPOINT WARNING * * *
You block Dowan's attack.
You hit Duvessa.
Duvessa is severely wounded.
You block Dowan's attack. You block Duvessa's attack.
Dowan completely misses you. Duvessa hits you but does no damage.
You hit Duvessa.
Duvessa is almost dead.
Dowan barely misses you. Duvessa barely misses you.
You hit Duvessa but do no damage.
Duvessa is almost dead.
You block Dowan's attack. You block Duvessa's attack.
You hit Duvessa but do no damage.
Duvessa is almost dead.
Dowan misses you. Duvessa barely misses you. You block Dowan's attack.
You hit Duvessa. You drain Duvessa.
You kill Duvessa!
Dowan screams, "No!
No!"
Dowan seems to find hidden reserves of power!
Dowan hits you with a +0 dagger.
You die...

......# #..........#
#.# ....#.#
###...####.# #.#
#####.#
##.....###.#########.#
......#
#....................#
.<....#
##.....###.###########
##.##.########...####.#
......................#
##.##.###..#####)######
...##.# #..#####@#
......#
#.....##e##########
##.####
##.##.##..........#
.....#
#.##.##...######.#
.†...#
#........###..##.#
.....#
####.#..###).....#
.....#
#...##.##...#...#
.....#
#.####.#....##..#
###### #.# #.#..##[##.#


You could see Dowan (fast).

Vanquished Creatures
  Duvessa (D:4)
  A sky beast (D:4)
  3 ice beasts
  3 ogres
  A phantom (D:5)
  A scorpion (D:4)
  A water moccasin zombie (D:5)
  A water moccasin skeleton (D:5)
  4 howler monkeys (D:3)
  2 orc priests (D:4)
  A bullfrog skeleton (D:4)
  3 hounds
  A centaur skeleton (D:4)
  2 iguanas (D:4)
  2 orc wizards
  2 hound zombies (D:5)
  A howler monkey skeleton (D:4)
  18 gnolls
  11 adders
  A white imp (D:4)
  3 adder skeletons
  3 dart slugs
  18 orcs
  4 ball pythons
  6 endoplasms
  16 giant cockroaches
  3 goblins
  6 hobgoblins
  31 jackals
  6 kobolds
  A quokka (D:1)
  7 bats
  2 frilled lizards (D:1)
  6 rats
172 creatures vanquished.

Vanquished Creatures (others)
  2 fungi (D:3)
  5 plants (D:3)
7 creatures vanquished.

Grand Total: 179 creatures vanquished

Notes
Turn   | Place    | Note
-------+----------+-------------------------------------------
     0 | D:1      | siradein the Spriggan Brigand began the quest for the Orb.
     0 | D:1      | Reached XP level 1. HP: 10/10 MP: 2/2
    26 | D:1      | Found a faded altar of an unknown god.
   184 | D:1      | Reached skill level 6 in Stealth
   192 | D:1      | Reached XP level 2. HP: 7/15 MP: 3/3
   848 | D:1      | Reached XP level 3. HP: 18/18 MP: 4/4
  2051 | D:2      | Reached XP level 4. HP: 19/23 MP: 5/5
  3076 | D:3      | Reached XP level 5. HP: 26/26 MP: 6/6
  4565 | D:3      | Reached skill level 7 in Stealth
  4590 | D:3      | Reached XP level 6. HP: 30/32 MP: 7/7
  4632 | D:3      | Reached skill level 1 in Shields
  5656 | D:3      | Reached XP level 7. HP: 31/35 MP: 8/8
  7300 | D:4      | Found Baitz's Jewellery Shoppe.
  7319 | D:4      | Reached skill level 8 in Stealth
  7952 | D:4      | Reached skill level 5 in Dodging
  8036 | D:4      | Reached XP level 8. HP: 40/40 MP: 9/9
  8205 | D:4      | Found a hazy altar of Hepliaklqana.
  8640 | D:5      | Entered Level 5 of the Dungeon
  9570 | D:4      | Reached skill level 5 in Short Blades
 10462 | D:5      | Reached skill level 9 in Stealth
 10476 | D:5      | Reached skill level 5 in Throwing
 10613 | D:5      | Noticed Duvessa
 10613 | D:5      | Noticed Dowan
 10642 | D:4      | HP: 1/42 [Duvessa (4)]
 10647 | D:4      | Killed Duvessa
 10647 | D:4      | Slain by Dowan

Illustrated notes

Levels and vault maps discovered:
D:1:      eino_arrival_druids_welcome, layout_basic,
          ebering_ecumenical_altar_petrified
D:2:      minmay_roachtagon, layout_loops_ring
D:3:      lemuel_castle_with_subvaults [lemuel_castle_interior_carwin_2],
          layout_basic, chequers_serial_rivers_small_b
D:4:      layout_loops_cross, nicolae_hepliaklqana_hippocampus, serial_shops,
          nicolae_shop_statue_plus, minmay_cupped
D:5:      layout_rooms, kennysheep_generic_room_8, uniq_duvessa

Skill      XL: |  1  2  3  4  5  6  7  8 |
---------------+-------------------------+-----
Stealth        | 6 7 8 9 |  9.3
Dodging        | 2 3 4 5 6 |  6.3
Fighting       | 2 3 4 |  4.1
Short Blades   | 3 4 5 |  5.6
Throwing       | 3 4 5 |  5.1
Shields        | 1 2 |  2.9

Action                   |  1- 3 |  4- 6 |  7- 9 || total
-------------------------+-------+-------+-------++-------
Melee: Dagger            |   141 |   132 |   283 ||   556
       Short sword       |       |   179 |   204 ||   383
Throw: Stone             |     2 |     6 |    69 ||    77
  Use: Scroll            |       |       |     3 ||     3
 Stab: Sleeping          |    18 |     8 |    10 ||    36
       Distracted        |       |     2 |     2 ||     4
Armor: Robe              |    13 |    43 |    30 ||    86
Dodge: Dodged            |    98 |   191 |   297 ||   586
Block: Buckler           |       |    34 |   125 ||   159

Table legend: (Time is in decaauts)
 A = Elapsed time spent in this place.
 B = Non-inter-level travel time spent in this place.
 C = Inter-level travel time spent in this place.
 D = Time resting spent in this place.
 E = Time spent auto-exploring this place.
 F = Levels seen in this place.
 G = Mean time per level.
                   A        B        C        D        E       F      G
               +--------+--------+--------+--------+--------+-----+--------+
         Total |   8691 |   8591 |    100 |   2463 |   4168 |   5 | 1738.2 |
       Dungeon |   8691 |   8591 |    100 |   2463 |   4168 |   5 | 1738.2 |
               +--------+--------+--------+--------+--------+-----+--------+

Top non-repeatable levels by time:
     D:3: 3971 daAuts
     D:2: 1752 daAuts
     D:4: 1510 daAuts
     D:1: 975 daAuts
     D:5: 481 daAuts
